 Dungeon Crawl Stone Soup version 0.26-a0-37-g50178cf (webtiles) character file.

Game seed: 3960360745823805675, levelgen mode: deterministic

2599 thirtiethelement the Destroyer (level 9, -6/65 HPs)
             Began as a Gnoll Conjurer on May 30, 2020.
             Was a Follower of Vehumet.
             Splashed by an orc wizard's acid (13 damage)
             ... on level 7 of the Dungeon on May 31, 2020.
             The game lasted 00:18:58 (8110 turns).

thirtiethelement the Destroyer (Gnoll Conjurer)     Turns: 8110, Time: 00:18:59

Health: -6/65      AC:  4    Str: 13    XL:     9   Next: 59%
Magic:  4/19       EV: 16    Int: 20    God:    Vehumet [*.....]
Gold:   246        SH:  5    Dex: 17    Spells: 18/21 levels left

rFire    + . .     SeeInvis .   y - +4 war axe "Makh" {vorpal, rF+ rC+ Str+3}
rCold    + . .     Gourm    .   A - +0 buckler
rNeg     . . .     Faith    .   t - +3 leather armour {rPois}
rPois    +         Spirit   .   (no helmet)
rElec    .         Reflect  .   j - +0 cloak
rCorr    .         Harm     .   (no gloves)
MR       .....                  x - +0 pair of boots
Stlth    +++.......             m - amulet of regeneration
HPRegen  0.60/turn              k - ring of poison resistance
MPRegen  0.16/turn              (no ring)

@: corroded
A: distributed training, fangs 1, strong nose
a: Renounce Religion


You were on level 7 of the Dungeon.
You worshipped Vehumet.
Vehumet was aware of your devotion.
You were not hungry.

You visited 2 branches of the dungeon, and saw 8 of its levels.

You collected 246 gold pieces.

Inventory:

Hand Weapons
 f - a +1 dagger
 o - a +2 vorpal hand axe
 y - the +4 war axe "Makh" (weapon) {vorpal, rF+ rC+ Str+3}
   (You found it on level 5 of the Dungeon)

   It inflicts extra damage upon your enemies.
   It affects your strength (+3).
   It protects you from fire.
   It protects you from cold.
Missiles
 e - 209 stones (quivered)
Armour
 b - a scarf of invisibility
 j - a +0 cloak (worn)
 t - a +3 leather armour of poison resistance (worn)
 x - a +0 pair of boots (worn)
 A - a +0 buckler (worn)
Jewellery
 k - a ring of poison resistance (left hand)
 m - an amulet of regeneration (around neck)
 D - a +6 ring of strength {unknown}
Wands
 v - a wand of polymorph (2)
Scrolls
 g - 7 scrolls of remove curse
 l - 2 scrolls of identify
 r - a scroll of amnesia
 w - a scroll of teleportation
Potions
 a - a potion of haste {unknown}
 d - 2 potions of brilliance
 h - 2 potions of flight
 i - 2 potions of magic {unknown}
 n - 2 potions of might
 p - a potion of resistance
 q - a potion of berserk rage {unknown}
 s - a potion of curing
 u - 4 potions of heal wounds {unknown}
 B - a potion of mutation {unknown}
 C - a potion of stabbing {unknown}
Comestibles
 c - 19 rations
 z - 3 chunks of flesh


   Skills:
 + Level 4.3 Fighting
 + Level 4.3 Short Blades
 + Level 4.3 Long Blades
 + Level 4.3 Axes
 + Level 4.3 Maces & Flails
 + Level 4.3 Polearms
 + Level 4.3 Staves
 + Level 4.3 Slings
 + Level 4.3 Bows
 + Level 4.3 Crossbows
 + Level 4.3 Throwing
 + Level 4.3 Armour
 + Level 6.3 Dodging
 + Level 6.1 Stealth
 + Level 4.3 Shields
 + Level 4.3 Unarmed Combat
 + Level 6.7 Spellcasting
 + Level 8.0 Conjurations
 + Level 3.5 Hexes
 + Level 3.5 Charms
 + Level 3.5 Summonings
 + Level 3.5 Necromancy
 + Level 3.5 Translocations
 + Level 3.5 Transmutations
 + Level 3.5 Fire Magic
 + Level 3.5 Ice Magic
 + Level 3.5 Air Magic
 + Level 3.5 Earth Magic
 + Level 3.5 Poison Magic
 + Level 4.7 Invocations
 + Level 4.3 Evocations


You had 18 spell levels left.
You knew the following spells:

 Your Spells              Type           Power        Failure   Level  Hunger
a - Magic Dart            Conj           ####         1%          1    None
b - Searing Ray           Conj           #####.       1%          2    None

Your spell library contained the following spells:

 Spells                   Type           Power        Failure   Level  Hunger
 Sandblast                Erth           ###...       2%          1    None
 Dazzling Flash           Conj/Hex       ####..       3%          3    #......
 Fulminant Prism          Conj/Hex       ####......   11%         4    ###....
 Iskenderun's Mystic Bla  Conj/Tloc      ####....     11%         4    ###....


Dungeon Overview and Level Annotations

Branches:
Dungeon (7/15)             Temple (1/1) D:7

Altars:
Ashenzari
Cheibriados
Dithmenos
Elyvilon
Fedhas
Gozag
Kikubaaqudgha
Makhleb
Okawaru
Qazlal
Ru
Sif Muna
Trog
Uskayaw
Vehumet
Wu Jian
Xom
Yredelemnul
Zin
The Shining One


Innate Abilities, Weirdness & Mutations

Your experience applies equally to all skills.
You have very sharp teeth.
Your uncanny sense of smell can sniff out nearby items.


Message History

You hear a zap.
A bolt of acid appears from out of thin air!
The bolt of acid hits you!
You are splashed with acid!
* * * LOW HITPOINT WARNING * * *
Casting: Searing Ray (safe; 1% risk of failure)
Confirm with . or Enter, or press ? or * to list all spells.
You can't see any susceptible monsters within range! (Use Z to cast anyway.)
Casting: Searing Ray (safe; 1% risk of failure)
Confirm with . or Enter, or press ? or * to list all spells.
Aiming: Searing Ray (safe; 1% risk of failure)
Press: ? - help, Shift-Dir - straight line The searing ray hits something! (Press . to maintain the ray.)
You block something's attack.
You hear a zap.
A bolt of acid appears from out of thin air!
The bolt of acid hits you!
* * * LOW HITPOINT WARNING * * *
You are splashed with acid!
You die...

#####.#.#.#.###
#.#.#.#.#.. #
#######.#.#.#.# #.
#.........#.#.#
.###'#####.#######.#.#.#
.<...........#.......#.#
...................###..
......){)........##....#
.......@........<......#
.......#######'##.#...<#
...##########.....######
.. #≈≈≈≈#..............)
#≈≈≈≈#.....##########
+≈≈≈≈'...........# #
#≈≈≈≈#...........# #
#≈≈≈≈#...........# ∆
#######..........#


There were no monsters in sight!

Vanquished Creatures
  Maggie (D:5)
  Sigmund (D:6)
  Duvessa (D:4)
  2 orc warriors (D:7)
  A sky beast (D:5)
  A black bear (D:6)
  An ogre (D:7)
  3 bullfrogs
  A gnoll sergeant (D:6)
  A wyvern zombie (D:6)
  Dowan (D:4)
  A scorpion (D:5)
  The ghost of zbzbzb the Chopper, a weakling MiGl (D:3)
  2 howler monkeys (D:7)
  2 crimson imps (D:6)
  2 bullfrog zombies
  Crazy Yiuf (D:5)
  6 hounds
  An orc priest (D:4)
  6 orc wizards
  Terence (D:2)
  2 iguanas (D:6)
  Natasha (thrice) (D:2)
  A worker ant (D:5)
  A hound zombie (D:7)
  A hound skeleton (D:5)
  4 gnolls (D:6)
  A worker ant zombie (D:5)
  4 adders
  3 shadow imps (D:6)
  2 oozes
  2 adder skeletons
  An adder zombie (D:6)
  3 worms
  A dart slug (D:4)
  4 leopard geckos
  27 orcs
  5 bats
  4 giant cockroaches
  10 goblins
  5 hobgoblins
  16 jackals
  5 quokkas
  3 ball pythons
  3 frilled lizards
  A jackal skeleton (D:5)
  A jackal zombie (D:5)
  5 kobolds
  3 quokka skeletons
  A quokka zombie (D:6)
  7 rats
166 creatures vanquished.

Vanquished Creatures (others)
  An orc wizard (D:7)
1 creature vanquished.

Grand Total: 167 creatures vanquished

Notes
Turn   | Place    | Note
-------+----------+-------------------------------------------
     0 | D:1      | thirtiethelement the Gnoll Conjurer began the quest for the
                  | Orb.
     0 | D:1      | Reached XP level 1. HP: 13/13 MP: 6/6
   172 | D:1      | Reached XP level 2. HP: 19/19 MP: 4/7
  1195 | D:2      | Reached XP level 3. HP: 25/25 MP: 7/9
  1224 | D:2      | Learned a level 2 spell: Searing Ray
  1473 | D:2      | Reached skill level 5 in Spellcasting
  1502 | D:2      | Noticed Natasha
  1504 | D:2      | Killed Natasha
  1504 | D:2      | Reached skill level 1 in Fighting
  1504 | D:2      | Reached skill level 1 in Short Blades
  1504 | D:2      | Reached skill level 1 in Long Blades
  1504 | D:2      | Reached skill level 1 in Axes
  1504 | D:2      | Reached skill level 1 in Maces & Flails
  1504 | D:2      | Reached skill level 1 in Polearms
  1504 | D:2      | Reached skill level 1 in Staves
  1504 | D:2      | Reached skill level 1 in Slings
  1504 | D:2      | Reached skill level 1 in Bows
  1504 | D:2      | Reached skill level 1 in Crossbows
  1504 | D:2      | Reached skill level 1 in Throwing
  1504 | D:2      | Reached skill level 1 in Armour
  1504 | D:2      | Reached skill level 1 in Shields
  1504 | D:2      | Reached skill level 1 in Unarmed Combat
  1504 | D:2      | Reached skill level 1 in Invocations
  1504 | D:2      | Reached skill level 1 in Evocations
  1504 | D:2      | Reached XP level 4. HP: 32/32 MP: 8/11
  1545 | D:2      | Noticed Natasha
  1548 | D:2      | Killed Natasha
  1708 | D:2      | Noticed Natasha
  1711 | D:2      | Killed Natasha
  1711 | D:2      | Reached skill level 1 in Hexes
  1711 | D:2      | Reached skill level 1 in Charms
  1711 | D:2      | Reached skill level 1 in Summonings
  1711 | D:2      | Reached skill level 1 in Necromancy
  1711 | D:2      | Reached skill level 1 in Translocations
  1711 | D:2      | Reached skill level 1 in Transmutations
  1711 | D:2      | Reached skill level 1 in Fire Magic
  1711 | D:2      | Reached skill level 1 in Ice Magic
  1711 | D:2      | Reached skill level 1 in Air Magic
  1711 | D:2      | Reached skill level 1 in Earth Magic
  1711 | D:2      | Reached skill level 1 in Poison Magic
  1744 | D:2      | Noticed Terence
  1752 | D:2      | Killed Terence
  1752 | D:2      | Reached XP level 5. HP: 37/37 MP: 1/12
  2102 | D:2      | Found a shimmering altar of Xom.
  2428 | D:2      | Found a snail-covered altar of Cheibriados.
  2428 | D:2      | Found a glowing golden altar of the Shining One.
  2430 | D:2      | Found a white marble altar of Elyvilon.
  2430 | D:2      | Found an iron altar of Okawaru.
  2430 | D:2      | Found a shimmering blue altar of Sif Muna.
  2857 | D:3      | Found a large runed translucent door.
  2857 | D:3      | Found a large runed translucent door.
  2858 | D:3      | Noticed zbzbzb's ghost (weakling MiGl)
  2867 | D:3      | Killed zbzbzb's ghost
  2867 | D:3      | Reached XP level 6. HP: 17/44 MP: 5/13
  3322 | D:3      | Found a sacrificial altar of Ru.
  3325 | D:3      | Found a shimmering blue altar of Sif Muna.
  3328 | D:3      | Found a shadowy altar of Dithmenos.
  3521 | D:4      | Noticed Duvessa
  3521 | D:4      | Noticed Dowan
  3550 | D:4      | Killed Duvessa
  3550 | D:4      | Reached skill level 5 in Dodging
  3791 | D:4      | Killed Dowan
  3791 | D:4      | Reached XP level 7. HP: 50/50 MP: 9/15
  3993 | D:4      | Found a shattered altar of Ashenzari.
  4949 | D:5      | Entered Level 5 of the Dungeon
  5131 | D:5      | Reached skill level 5 in Stealth
  5469 | D:5      | Got a crystal war axe
  5469 | D:5      | Identified the +4 war axe "Makh" {vorpal, rF+ rC+ Str+3}
                  | (You found it on level 5 of the Dungeon)
  5533 | D:5      | Reached XP level 8. HP: 57/57 MP: 8/16
  5718 | D:5      | Found a runed translucent door.
  5719 | D:5      | Noticed Crazy Yiuf
  5785 | D:5      | Killed Crazy Yiuf
  6099 | D:6      | Noticed Maggie
  6134 | D:5      | Killed Maggie
  6354 | D:6      | Noticed Sigmund
  6359 | D:6      | Killed Sigmund
  6576 | D:6      | Reached XP level 9. HP: 42/65 MP: 9/18
  7511 | D:7      | Found a staircase to the Ecumenical Temple.
  7523 | Temple   | Entered the Ecumenical Temple
  7668 | Temple   | Became a worshipper of Vehumet
  7727 | D:7      | Reached skill level 8 in Conjurations
  8032 | D:7      | Reached * piety under Vehumet
  8032 | D:7      | Offered knowledge of Sandblast by Vehumet.
  8110 | D:7      | Splashed by an orc wizard's acid

Illustrated notes

Levels and vault maps discovered:
D:1:      dpeg_arrival_arbitrary_c, layout_loops_corners
D:2:      layout_basic, doesnt_xom_only_xom, kennysheep_cross_bottleneck,
          uniq_natasha, uniq_terence
D:3:      layout_basic, grunt_temple_overflow_diamond, first_ration,
          ebering_ghost_disaster_area
D:4:      layout_layer_cave, ashenzari_altar_1, uniq_duvessa
D:5:      layout_basic, uniq_crazy_yiuf_cottage
D:6:      layout_basic, kennysheep_diamond, uniq_sigmund, uniq_maggie
D:7:      layout_basic, old_standard_altar, minmay_temple_entry_mist,
          serial_shops, shop, chequers_serial_rivers_room_b, grunt_ogre_cave
Temple:   regret_index_temple_waves

Skill      XL: |  1  2  3  4  5  6  7  8  9 |
---------------+----------------------------+-----
Spellcasting   | 5 6 |  6.7
Fighting       | 1 2 3 4 |  4.3
Short Blades   | 1 2 3 4 |  4.3
Long Blades    | 1 2 3 4 |  4.3
Axes           | 1 2 3 4 |  4.3
Maces & Flails | 1 2 3 4 |  4.3
Polearms       | 1 2 3 4 |  4.3
Staves         | 1 2 3 4 |  4.3
Slings         | 1 2 3 4 |  4.3
Bows           | 1 2 3 4 |  4.3
Crossbows      | 1 2 3 4 |  4.3
Throwing       | 1 2 3 4 |  4.3
Armour         | 1 2 3 4 |  4.3
Shields        | 1 2 3 4 |  4.3
Unarmed Combat | 1 2 3 4 |  4.3
Invocations    | 1 2 3 4 |  4.7
Evocations     | 1 2 3 4 |  4.3
Hexes          | 1 2 3 |  3.5
Charms         | 1 2 3 |  3.5
Summonings     | 1 2 3 |  3.5
Necromancy     | 1 2 3 |  3.5
Translocations | 1 2 3 |  3.5
Transmutations | 1 2 3 |  3.5
Fire Magic     | 1 2 3 |  3.5
Ice Magic      | 1 2 3 |  3.5
Air Magic      | 1 2 3 |  3.5
Earth Magic    | 1 2 3 |  3.5
Poison Magic   | 1 2 3 |  3.5
Dodging        | 5 6 |  6.3
Stealth        | 5 6 |  6.1
Conjurations   | 8 |  8.0

Action                   |  1- 3 |  4- 6 |  7- 9 || total
-------------------------+-------+-------+-------++-------
Melee: Hand axe          |       |     9 |     9 ||    18
       Bite              |       |     1 |     8 ||     9
       War axe           |       |       |    59 ||    59
       Unarmed           |       |       |    13 ||    13
 Fire: Hunting sling     |     7 |       |       ||     7
Throw: Stone             |       |     1 |     5 ||     6
 Cast: Magic Dart        |    30 |    62 |   161 ||   253
       Searing Ray       |     1 |    17 |    38 ||    56
  Use: Scroll            |     4 |     2 |     4 ||    10
  Eat: Chunk             |     2 |     7 |    13 ||    22
Armor: Robe              |       |     1 |       ||     1
       Leather armour    |       |       |    26 ||    26
       Skin              |       |       |     2 ||     2
Dodge: Dodged            |       |    12 |    60 ||    72
Block: Buckler           |       |       |    14 ||    14

Table legend:
 A = Non-vault XP
 B = Vault XP
 C = Vault XP percentage of total XP
 D = Non-vault monster count
 E = Vault monster count
 F = Vault count percentage of total count
                 A         B        C        D         E       F
            +---------+---------+-------+---------+---------+-------
      Total |    2471 |    1243 |  33.5 |     157 |      10 |   6.0
            +---------+---------+-------+---------+---------+-------
        D:1 |      33 |       0 |   0.0 |      19 |       0 |   0.0
        D:2 |     127 |      73 |  36.5 |      20 |       2 |   9.1
        D:3 |     100 |      61 |  37.9 |      21 |       1 |   4.5
        D:4 |     323 |     228 |  41.4 |      18 |       2 |  10.0
        D:5 |     393 |     453 |  53.5 |      23 |       2 |   8.0
        D:6 |     809 |     315 |  28.0 |      32 |       2 |   5.9
        D:7 |     686 |     113 |  14.1 |      24 |       1 |   4.0
            +---------+---------+-------+---------+---------+-------
